 Dungeon Crawl Stone Soup version 0.31.0-11-ge490571c62 (webtiles) character file.

Game seed: 8386979449357417424

6915 browni3141 the Cleaver (level 10, -2/86 (91) HPs)
             Began as a Minotaur Fighter on Jan 28, 2024.
             Was a Priest of Okawaru.
             Killed by divine providence
             ... invoked by an orc priest
              (9 damage)
             ... on level 9 of the Dungeon.
             The game lasted 00:05:42 (8663 turns).

browni3141 the Cleaver (Minotaur Fighter)           Turns: 8663, Time: 00:05:42

HP:   -2/86 (91)    AC: 14    Str: 25    XL:     10   Next: 79%
MP:   10/11         EV: 11    Int:  5    God:    Okawaru [***...]
Gold: 344           SH: 13    Dex: 12    Spells: 9/9 levels left

rFire   . . .        a - +0 war axe
rCold   + . .        C - +0 kite shield
rNeg    . . .        b - +0 scale mail
rPois   +            N - +1 hat of Karphiub {rPois Dex+2}
rElec   .            (no cloak)
rCorr   .            (no gloves)
SInv    .            F - +0 pair of boots
Will    .....        Q - amulet of the acrobat
Stlth   +            y - ring of protection from cold
HPRegen 0.34/turn    P - +4 ring of protection
MPRegen 0.12/turn

%: acrobat
@: heroic, drained
A: horns 2, retaliatory headbutt
a: Renounce Religion, Heroism


You were on level 9 of the Dungeon.
You worshipped Okawaru.
Okawaru was most pleased with you.
You visited 2 branches of the dungeon, and saw 10 of its levels.

You collected 413 gold pieces.
You spent 69 gold pieces at shops.

Inventory:

Hand Weapons
 a - a +0 war axe (weapon)
Missiles
 r - 7 boomerangs (quivered)
 w - 2 silver javelins
 B - 9 javelins
 M - a curare-tipped dart
Armour
 b - a +0 scale mail (worn)
 c - a +0 buckler
 C - a +0 kite shield (worn)
 F - a +0 pair of boots (worn)
 I - a +1 hat of willpower
 N - the +1 hat of Karphiub (worn) {rPois Dex+2}
   (You acquired it on level 9 of the Dungeon)

   Dex+2:     It affects your dexterity (+2).
   rPois:     It protects you from poison
Jewellery
 k - a ring of fire
 q - the amulet of the Crafting Pariah {Spirit rPois Str-2 Dex+2}
   (You found it on level 3 of the Dungeon)

   [amulet of guardian spirit]

   Spirit:    It causes incoming damage to be divided between your reserves of
   health and magic.
   Str-2:     It affects your strength (-2).
   Dex+2:     It affects your dexterity (+2).
   rPois:     It protects you from poison
 y - a ring of protection from cold (left hand)
 E - a ring of wizardry
 O - a ring of fire
 P - a +4 ring of protection (right hand)
 Q - an amulet of the acrobat (around neck)
 R - an amulet of guardian spirit
Wands
 A - a wand of charming (18)
 G - a wand of flame (27)
 L - a wand of iceblast (7)
Scrolls
 i - a scroll of fog
 j - 2 scrolls of enchant weapon
 l - 3 scrolls of teleportation
 p - a scroll of vulnerability
 u - a scroll of revelation
 v - a scroll of blinking
 x - 2 scrolls of noise
 D - 5 scrolls of amnesia
 J - a scroll of poison
 S - a scroll of torment
Potions
 d - 2 potions of might
 e - 4 potions of haste {unknown}
 f - 2 potions of resistance {unknown}
 g - 2 potions of mutation {unknown}
 h - a potion of heal wounds {unknown}
 m - 3 potions of enlightenment {unknown}
 n - 2 potions of brilliance {unknown}
 o - 3 potions of curing {unknown}
 s - 2 potions of attraction {unknown}
 t - a potion of berserk rage {unknown}
 z - 6 potions of degeneration
 H - 2 potions of ambrosia
 K - a potion of magic {unknown}


   Skills:
 + Level 9.6(14.6) Fighting
 * Level 12.5(17.5) Axes
 * Level 5.0(10.0) Throwing
 - Level 3.6(8.6) Armour
 * Level 10.8(15.8) Shields
 * Level 3.7 Invocations


You had 9 spell levels left.
You didn't know any spells.
Your spell library contained the following spells:

 Spells                   Type           Power      Damage    Failure   Level
 Cigotuvi's Dreadful Rot  Necr/Alch/Air  0%         N/A       94%         2
 Scorch                   Fire           0%         2d5       94%         2
 Static Discharge         Conj/Air       0%         3-3/arc   94%         2
 Airstrike                Air            0%         2d(0-16)  100%        4
 Flame Wave               Conj/Fire      0%         2d4       100%        4
 Ignite Poison            Fire/Alch      0%         N/A       100%        4
 Freezing Cloud           Conj/Ice/Air   0%         6-21      100%        5
 Summon Lightning Spire   Summ/Air       Unusable   N/A       N/A         4
 Summon Cactus Giant      Summ           Unusable   N/A       N/A         6

Dungeon Overview and Level Annotations

Branches:
Dungeon (9/15)             Temple (1/1) D:7
   Lair: D:8-11         Orc: D:9-12

Altars:
Ashenzari
Cheibriados
Dithmenos
Elyvilon
Fedhas
Hepliaklqana
Kikubaaqudgha
Makhleb
Nemelex Xobeh
Okawaru
Qazlal
Ru
Sif Muna
Trog
Uskayaw
Vehumet
Wu Jian
Xom
Yredelemnul
Zin
The Shining One
Jiyva

Shops:
D:4 ((   D:6 *   D:7 :

Portals:
Bailey: D:9


Innate Abilities, Weirdness & Mutations

You have a pair of horns on your head.
You reflexively headbutt those who attack you in melee.


Message History

You continue putting on the +1 hat of Karphiub {rPois Dex+2}. x3
You finish putting on the +1 hat of Karphiub {rPois Dex+2}.
You feel agile.
r - 7 boomerangs (gained 2)
You now have 344 gold pieces (gained 19).
A vampire comes into view.
A vampire is nearby!
A vampire is nearby!
No reachable target in view!
No reachable target in view!
No reachable target in view!
No reachable target in view!
No reachable target in view!
No target in view!
A wight comes into view. It is wielding a +0 morningstar.
Found a flagged portal.
An orc and a wight come into view.
The orc is wielding a +1 war axe of electrocution.
The orc shouts!
A wight comes into view. It is wielding a +1 short sword.
A wight comes into view. It is wielding a +3 dire flail.
The vampire closely misses you. The vampire completely misses you.
You closely miss the vampire. The vampire closely misses you.
The vampire bites you.
The vampire draws strength from your injuries!
You hit the vampire.
The vampire is lightly damaged.
You barely miss the wight.
The wight hits you with a +0 morningstar!
You feel drained.
The vampire hits you but does no damage.
The vampire bites you but does no damage.
You barely miss the vampire. You headbutt the vampire!
The vampire is moderately damaged.
You hit the wight but do no damage. You block the vampire's attack.
The vampire barely misses you. The wight closely misses you.
You completely miss the vampire. Your headbutt misses the vampire.
The vampire is moderately damaged.
You hit the wight. You hit the orc but do no damage.
The wight closely misses you. You furiously retaliate!
You headbutt the wight! The orc barely misses you. You furiously retaliate!
You headbutt the orc, but do no damage.
An orc priest comes into view. It is wielding a +0 dagger.
The vampire gestures wildly while chanting.
The vampire flickers and vanishes!
Deactivating autopickup; reactivate with Ctrl-A.
The wight hits you from afar with a +3 spear.
You gain the combat prowess of a mighty hero.
The orc priest shouts!
You block the wight's attack.
The orc hits you with a +1 war axe of electrocution.
Something hits you but does no damage. Something completely misses you.
You hit the wight.
The wight is severely damaged.
You slash the orc!
You kill the orc!
You barely miss something. The wight closely misses you.
You furiously retaliate!
You headbutt the wight. Something hits you. You block something's attack.
You hit the wight but do no damage.
The wight is almost destroyed.
You slash the wight! You barely miss something. You block the wight's attack.
The wight barely misses you. You furiously retaliate!
You headbutt the wight!
You destroy the wight!
Okawaru accepts your kill.
Your base Throwing skill increases to level 5!
You hit the wight.
You headbutt the wight, but do no damage.
The wight is severely damaged.
You hit something but do no damage. You block something's attack.
Something bites you but does no damage. You block the wight's attack.
You slash the wight!
You destroy the wight!
Okawaru accepts your kill.
You hit something but do no damage. Something hits you but does no damage.
Something bites you but does no damage. The wight hits you but does no damage.
You closely miss the wight. You hit something but do no damage.
Something hits you. Something bites you but does no damage.
You block the wight's attack. x2
You hit the wight but do no damage. Your headbutt misses the wight.
You slash something! You barely miss the wight. Your headbutt misses the wight.
You hit something. Something draws life force from you!
The orc priest invokes the aid of Beogh against you.
Beogh smites you! You block the wight's attack.
The wight hits you from afar with a +3 spear.
You feel drained.
You hit the wight but do no damage. Your headbutt misses the wight.
You closely miss something.
You hear some strange, mumbled words.
Something tries to affect you, but you resist.
The orc priest mumbles some strange prayers to Beogh against you.
Beogh smites you!
The wight hits you with a +3 dire flail!
You feel drained. You block the wight's attack.
You barely miss the wight. You closely miss something. Something hits you.
Something bites you but does no damage. You block the wight's attack.
The orc priest calls down the wrath of Beogh upon you.
Beogh smites you!
You die...

...............†.....#
..........#.##†###...#
#########.#.#...<....#
#.#.#..#.###....
#.#.#..#... .
#######.#.#..###.#
#....(..#.#.... ...
........{...... ...
#.###.)@#.#.### ###.
#(#z#.#! #....oz.8....
#+#..8.....8.
...........|
.............
#....8....∩....
#...........?..
#..............


You could see 2 wights and an orc priest.

Vanquished Creatures
  A two-headed ogre (D:8)
  An ugly thing (D:8)
  9 yaks
  3 steam dragons
  4 water moccasins
  2 ice beasts
  An orc warrior (D:6)
  2 black bears (D:6)
  2 ogres
  2 centaurs
  2 phantoms (D:5)
  3 kobold brigands
  A gnoll sergeant (D:5)
  6 bullfrogs
  2 scorpions
  7 wights
  12 killer bees
  4 howler monkeys (D:7)
  3 jellies
  An orc priest (D:3)
  A hound (D:7)
  A gnoll bouda (D:7)
  2 sleepcaps
  4 iguanas
  8 orc wizards
  8 adders
  8 gnolls
  A shadow imp (D:7)
  A white imp (D:5)
  2 ribbon worms (D:3)
  A dart slug (D:4)
  16 orcs
  7 bats
  7 endoplasms
  5 giant cockroaches
  6 goblins
  6 hobgoblins
  7 jackals (D:1)
  5 quokkas
  7 ball pythons
  A frilled lizard (D:1)
  10 kobolds
  7 rats
189 creatures vanquished.

Vanquished Creatures (others)
  Maurice (D:7)
  An orc wizard (D:6)
2 creatures vanquished.

Grand Total: 191 creatures vanquished

Notes
Turn   | Place    | Note
-------+----------+-------------------------------------------
     0 | D:1      | browni3141 the Minotaur Fighter began the quest for the
                  | Orb.
     0 | D:1      | Reached XP level 1. HP: 19/19 MP: 0/0
    51 | D:1      | Found a faded altar of an unknown god.
   156 | D:1      | Reached skill level 3 in Axes
   164 | D:1      | Reached XP level 2. HP: 24/27 MP: 1/1
   429 | D:1      | Reached XP level 3. HP: 27/33 MP: 2/2
   674 | D:2      | Reached skill level 4 in Axes
   964 | D:2      | Noticed a scorpion
   973 | D:2      | Killed a scorpion
   974 | D:2      | Reached skill level 5 in Axes
   974 | D:2      | Reached XP level 4. HP: 41/41 MP: 3/3
  1448 | D:3      | Identified the amulet of the Crafting Pariah {Spirit rPois
                  | Str-2 Dex+2}
  1610 | D:3      | Reached skill level 5 in Fighting
  1610 | D:3      | Reached XP level 5. HP: 37/48 MP: 4/4
  1623 | D:3      | Reached skill level 6 in Axes
  2226 | D:3      | Found a burning altar of Makhleb.
  2326 | D:4      | Found Noheci's Antique Weapon Shop.
  2348 | D:4      | Reached XP level 6. HP: 51/56 MP: 5/5
  2647 | D:4      | Found Toozosch's Weapon Shoppe.
  2780 | D:4      | Found an ornate altar of the Wu Jian Council.
  2780 | D:4      | Found a white marble altar of Elyvilon.
  2780 | D:4      | Found a broken altar of Ashenzari.
  2786 | D:4      | Found a sacrificial altar of Ru.
  2787 | D:4      | Found a shimmering blue altar of Sif Muna.
  2790 | D:4      | Found a blossoming altar of Fedhas.
  2796 | D:4      | Found a hazy altar of Hepliaklqana.
  2799 | D:4      | Found a shimmering altar of Xom.
  2800 | D:4      | Found a stormy altar of Qazlal.
  2941 | D:5      | Entered Level 5 of the Dungeon
  2957 | D:4      | Reached skill level 7 in Axes
  2991 | D:5      | HP: 2/57 [gnoll sergeant/+0 spear (4)]
  3375 | D:5      | Reached XP level 7. HP: 62/63 MP: 6/6
  3466 | D:5      | Reached skill level 8 in Axes
  3590 | D:5      | Reached skill level 5 in Shields
  4071 | D:6      | Found Seateod's Assorted Antiques.
  4118 | D:6      | Bought a scroll labelled WOEDYZUOPSY for 24 gold pieces
  4118 | D:6      | Bought a scroll labelled CYAHIA SARU for 24 gold pieces
  4118 | D:6      | Bought a fuming amethyst potion for 21 gold pieces
  4183 | D:6      | Reached XP level 8. HP: 46/73 MP: 3/7
  4298 | D:6      | Reached skill level 9 in Axes
  5259 | D:6      | Reached skill level 10 in Axes
  5462 | D:7      | Reached XP level 9. HP: 34/81 MP: 2/8
  5796 | D:7      | Noticed Maurice
  5798 | D:7      | Maurice stole 2 silver javelins
  5800 | D:7      | Maurice stole a ring of fire
  5802 | D:7      | Maurice stole a +0 buckler
  5803 | D:7      | Maurice stole 168 gold
  5809 | D:7      | Killed Maurice
  5823 | D:7      | HP: 4/81 [yak (12)]
  6071 | D:7      | Reached skill level 11 in Axes
  6139 | D:7      | Found a staircase to the Ecumenical Temple.
  6288 | Temple   | Entered the Ecumenical Temple
  6304 | Temple   | Became a worshipper of Warmaster Okawaru
  6329 | Temple   | Reached skill level 1 in Throwing
  6577 | D:7      | Found Osudd's Book Boutique.
  6744 | D:7      | Reached * piety under Okawaru
  7082 | D:8      | Noticed a white ugly thing
  7097 | D:8      | Killed a white ugly thing
  7098 | D:8      | Reached skill level 1 in Invocations
  7098 | D:8      | Reached XP level 10. HP: 33/91 MP: 3/9
  7340 | D:8      | Reached skill level 10 in Shields
  7508 | D:8      | Noticed a two-headed ogre
  7517 | D:8      | Killed a two-headed ogre
  7517 | D:8      | Reached ** piety under Okawaru
  7518 | D:8      | Reached skill level 12 in Axes
  8581 | D:9      | Reached *** piety under Okawaru
  8588 | D:9      | Identified 2 scrolls of acquirement
  8591 | D:9      | Acquired the +1 hat of Karphiub {rPois Dex+2}
  8608 | D:9      | Acquired a +1 hat of willpower
  8646 | D:9      | Found a flagged portal.
  8657 | D:9      | Reached skill level 5 in Throwing
  8663 | D:9      | Killed from afar by an orc priest

Illustrated notes

Levels and vault maps discovered:
D:1:      eino_arrival_cavern_e, layout_rooms,
          ebering_ecumenical_altar_abandoned, minmay_misc_feat_alley
D:2:      layout_basic, palyth_stone_intersect
D:3:      layout_loops_corners, old_standard_altar
D:4:      layout_cave_pools, nicolae_overflow_hallway_of_the_gods, serial_shops,
          shop_statue, shop, nrook_mini_backslash
D:5:      layout_basic, blue_anna_alchemist
D:6:      layout_loops_corners, serial_shops, nicolae_shop_tiny_glass,
          kb_lookout_dungeons_type, nicolae_titane
D:7:      layout_gridville, lemuel_temple_firewalk_b, serial_shops,
          nicolae_shop_peninsula, minmay_joined_circles, uniq_maurice
D:8:      layout_loops_corners
D:9:      layout_basic, mainiacjoe_overflow_chevrons, erik_lair_orcish_takeover,
          enter_bailey_6
Temple:   pf_slime_end_temple

Skill      XL: |  1  2  3  4  5  6  7  8  9 10 |
---------------+-------------------------------+-----
Axes           | 3 5 6 7 8 10 11 12 | 12.5
Fighting       | 4 5 6 7 9 |  9.6
Shields        | 4 5 7 9 10 | 10.8
Throwing       | 3 5 |  5.0
Invocations    | 1 3 |  3.7
Armour         | |  3.6

Action                     |  1- 3 |  4- 6 |  7- 9 | 10-12 || total
---------------------------+-------+-------+-------+-------++-------
  Melee: War axe           |    73 |   105 |   222 |   146 ||   546
         Headbutt          |     9 |    15 |    49 |    28 ||   101
  Throw: Boomerang         |       |       |     3 |       ||     3
 Invoke: Heroism           |       |       |     1 |     1 ||     2
    Use: Scroll            |       |       |    10 |     5 ||    15
 Armour: Scale mail        |    60 |    77 |   163 |   109 ||   409
  Dodge: Dodged            |    36 |    41 |    74 |    54 ||   205
  Block: Buckler           |    22 |    14 |       |       ||    36
         Kite shield       |       |     2 |    93 |    90 ||   185
